 Dungeon Crawl Stone Soup version 0.31-a0-188-g5e087ee2ca (webtiles) character file.

Game seed: 3516715574729276347

2727 qw the Markself (level 9, -15/51 HPs)
             Began as a Deep Elf Hunter on June 22, 2023.
             Was an Initiate of Okawaru.
             Killed by divine providence
             ... invoked by an orc priest
              (17 damage)
             ... on level 8 of the Dungeon.
             The game lasted 00:01:58 (4918 turns).

qw the Markself (Deep Elf Hunter)                   Turns: 4918, Time: 00:01:59

Health: -15/51     AC: 14    Str: 12    XL:     9   Next: 40%
Magic:  11/11      EV: 14    Int: 15    God:    Okawaru [......]
Gold:   445        SH:  0    Dex: 22    Spells: 8/8 levels left

rFire   . . .        j - +1 orcbow "Nouzoqoz" {drain, Dex+4}
rCold   . . .        (shield currently unavailable)
rNeg    . . .        e - +4 ring mail
rPois   +            c - +2 helmet
rElec   .            n - +0 cloak
rCorr   .            (no gloves)
SInv    .            m - +0 pair of boots
Will    .....        (no amulet)
Stlth   ++           d - ring of poison resistance
HPRegen 0.28/turn    f - +4 ring of slaying {mikee}
MPRegen 0.12/turn

%: no passive effects
@: about to teleport
A: no striking features
a: Renounce Religion


You were on level 8 of the Dungeon.
You worshipped Okawaru.
Okawaru was noncommittal.
You visited 2 branches of the dungeon, and saw 9 of its levels.

You collected 445 gold pieces.


   Skills:
 + Level 3.4 Fighting
 - Level 15.0 Ranged Weapons
 - Level 2.1 Armour
 - Level 6.1 Dodging
 - Level 1.2 Stealth


You had 8 spell levels left.
You didn't know any spells.
Your spell library was empty.

Inventory:

Hand Weapons
 j - the +1 orcbow "Nouzoqoz" (weapon) {drain, Dex+4}
   (You acquired it on level 5 of the Dungeon)

   Dex:       It affects your dexterity (+4).
Armour
 c - a +2 helmet (worn)
 e - a +4 ring mail (worn)
 m - a +0 pair of boots (worn)
 n - a +0 cloak (worn)
 q - a +0 leather armour of poison resistance
Jewellery
 a - a ring of ice
 d - a ring of poison resistance (left hand)
 f - a +4 ring of slaying (right hand) {mikee}
Scrolls
 b - a scroll of identify
 r - a scroll of poison {unknown}
Potions
 g - 3 potions of haste
 h - a potion of resistance
 k - 5 potions of curing
 l - a potion of mutation
 o - a potion of might
 p - a potion of lignification {unknown}

Dungeon Overview and Level Annotations

Branches:
Dungeon (8/15)             Temple (1/1) D:7
   Lair: D:8-11

Altars:
Ashenzari
Cheibriados
Dithmenos
Elyvilon
Fedhas
Gozag
Kikubaaqudgha
Makhleb
Okawaru
Qazlal
Ru
Sif Muna
Trog
Uskayaw
Vehumet
Wu Jian
Xom
Yredelemnul
Zin
The Shining One

Shops:
D:6 (


Message History

You kill the orc warrior!
Okawaru accepts your kill.
The orc priest invokes the aid of Beogh against you.
Beogh smites you! The orc hits you but does no damage.
The orc warrior closely misses you. The orc barely misses you.
You shoot an arrow.
The arrow closely misses the orc warrior.
The orc priest barely misses you. The orc warrior barely misses you.
The orc hits you with a +0 dagger. The orc misses you.
You shoot an arrow.
The arrow closely misses the orc warrior.
The arrow hits the orc priest.
The orc priest is moderately wounded.
You hear a shout!
You shoot an arrow.
The arrow closely misses the orc warrior.
The arrow hits the orc priest.
The orc priest is severely wounded.
The orc priest hits you with a +0 flail.
The orc hits you but does no damage. The orc warrior closely misses you.
The orc hits you but does no damage.
4917 ||| READING scroll of teleportation.
As you read the scroll of teleportation, it crumbles to dust.
You feel strangely unstable.
The orc priest mumbles some strange prayers to Beogh against you.
Pain shoots through your body!
The orc priest looks satisfied for a moment.
The orc misses you.
The orc warrior hits you with a +0 hand axe.
The orc hits you but does no damage.
You shoot an arrow.
The arrow closely misses the orc warrior.
The arrow hits the orc priest!
You kill the orc priest!
Okawaru accepts your kill.
The orc priest hits you but does no damage.
The orc misses you.
The orc priest mumbles some strange prayers to Beogh against you.
Beogh smites you!
You die...

#.###.....# #.#
#.....# ?.o #.#
#.....### .o #.#
#.......# ). #.#
#####.####) ##.### #.#
#~) #...<# #.# #o#
#####
##########.###~#...?.#
.........##@oo)..(#
########..ooo...!.#
####)'....)# #~#...:.#
#~####### #~~ ###


You could see an orc warrior, 2 orc priests and 5 orcs.

Vanquished Creatures
  6 yaks (D:6)
  A water moccasin (D:6)
  An orc warrior (D:8)
  2 sky beasts
  A black bear (D:6)
  3 ogres
  4 phantoms
  Blork the orc (D:4)
  A bullfrog (D:7)
  A scorpion (D:5)
  4 orc priests
  A bullfrog zombie (D:4)
  2 hounds
  A bullfrog skeleton (D:4)
  2 sleepcaps
  Natasha (D:3)
  2 scorpion zombies (D:4)
  2 orc wizards
  3 hound zombies (D:4)
  A hound skeleton (D:4)
  A howler monkey zombie (D:4)
  7 adders
  A white imp (D:7)
  An ufetubus (D:6)
  4 adder zombies (D:4)
  4 dart slugs
  16 orcs
  8 ball pythons
  6 endoplasms
  A giant cockroach (D:2)
  6 goblins
  7 hobgoblins
  2 jackals (D:1)
  10 kobolds
  5 quokkas
  7 bats
  A frilled lizard (D:1)
  7 rats
134 creatures vanquished.

Notes
Turn   | Place    | Note
-------+----------+-------------------------------------------
     0 | D:1      | qw the Deep Elf Hunter began the quest for the Orb.
     0 | D:1      | Reached XP level 1. HP: 12/12 MP: 3/3
     0 | D:1      | 0 ||| qw: Version: 0.3-a-9-g12657ce
     0 | D:1      | 0 ||| qw: Game counter: 2783
     0 | D:1      | 0 ||| qw: Always use a shield: true
     0 | D:1      | 0 ||| qw: God list: Okawaru
     0 | D:1      | 0 ||| qw: Allow faded altars: false
     0 | D:1      | 0 ||| qw: Do Orc after D:15 true
     0 | D:1      | 0 ||| qw: Do second Lair branch before Depths: true
     0 | D:1      | 0 ||| qw: Lair rune preference: random
     0 | D:1      | 0 ||| qw: Plans: Normal
     0 | D:1      | 0 ||| PLANNING D:1-11
    92 | D:1      | Reached skill level 6 in Ranged Weapons
    92 | D:1      | Reached XP level 2. HP: 16/16 MP: 4/4
   282 | D:1      | Reached XP level 3. HP: 20/20 MP: 5/5
   502 | D:1      | 502 ||| UPGRADING to +0 ring mail.
   512 | D:1      | 512 ||| DROPPING +0 leather armour.
   513 | D:1      | 513 ||| DROPPING +6 ring of intelligence.
   514 | D:1      | 514 ||| READING 2 scrolls labelled IFURIXTINOPN.
   515 | D:1      | 515 ||| READING scroll of enchant armour.
   515 | D:1      | 515 ||| ENCHANTING +0 ring mail.
   516 | D:1      | 516 ||| READING scroll labelled YMADEG WOAKHI.
   517 | D:1      | 517 ||| READING scroll labelled ITHRIY XYMUO.
   518 | D:1      | 518 ||| READING scroll labelled ZEMESA ZOZA.
   523 | D:1      | 523 ||| DRINKING 2 puce potions.
   524 | D:1      | 524 ||| DROPPING scroll of butterflies.
   580 | D:2      | 580 ||| READING scroll of enchant armour.
   580 | D:2      | 580 ||| ENCHANTING +1 ring mail.
   661 | D:2      | 661 ||| READING scroll of enchant armour.
   661 | D:2      | 661 ||| ENCHANTING +2 ring mail.
   762 | D:2      | Reached skill level 7 in Ranged Weapons
  1069 | D:2      | 1069 ||| READING scroll of enchant armour.
  1069 | D:2      | 1069 ||| ENCHANTING +3 ring mail.
  1098 | D:2      | 1098 ||| Stepping ~*~*~tactically~*~*~ (outnumbered).
  1154 | D:2      | 1154 ||| UPGRADING to ring of poison resistance.
  1155 | D:2      | 1155 ||| READING 2 scrolls of identify.
  1155 | D:2      | 1155 ||| IDENTIFYING sedimented golden potion
  1215 | D:3      | You fall into a shaft and drop 1 floor!
  1238 | D:4      | 1238 ||| FLEEEEING.
  1239 | D:4      | 1239 ||| FLEEEEING.
  1243 | D:4      | 1243 ||| STAIRDANCE
  1304 | D:3      | Reached XP level 4. HP: 25/25 MP: 6/6
  1313 | D:3      | HP: 6/25 [orc/+0 dagger (4)]
  1314 | D:3      | 1314 ||| READING scroll of teleportation.
  1319 | D:3      | Reached skill level 8 in Ranged Weapons
  1420 | D:3      | Reached XP level 5. HP: 29/29 MP: 7/7
  1601 | D:3      | Noticed Natasha
  1606 | D:3      | Killed Natasha
  1980 | D:3      | 1980 ||| UPGRADING to +0 helmet.
  1985 | D:3      | 1985 ||| READING scroll labelled JUIQUT BIRPHUSOCW.
  1985 | D:3      | Identified a scroll of acquirement
  1985 | D:3      | 1985 ||| ACQUIRING +0 arbalest of flaming
  1985 | D:3      | Acquired a +0 arbalest of flaming
  1987 | D:3      | 1987 ||| SWAPPING to +0 arbalest of flaming.
  1988 | D:3      | 1988 ||| DROPPING +0 shortbow.
  1989 | D:3      | 1989 ||| READING 2 scrolls labelled SUJAX WEHO.
  1990 | D:3      | 1990 ||| READING scroll labelled NASTAO WU WAK.
  2045 | D:3      | 2045 ||| READING scroll labelled LOTHAU YCUKIUM.
  2046 | D:3      | 2046 ||| READING 3 scrolls of identify.
  2046 | D:3      | 2046 ||| IDENTIFYING white potion
  2047 | D:3      | 2047 ||| DROPPING potion of attraction.
  2048 | D:3      | 2048 ||| DROPPING scroll of vulnerability.
  2079 | D:4      | Noticed a phantom
  2080 | D:4      | Killed a phantom
  2081 | D:4      | Reached skill level 9 in Ranged Weapons
  2084 | D:4      | Reached XP level 6. HP: 34/35 MP: 8/8
  2157 | D:4      | Found an ancient bone altar of Kikubaaqudgha.
  2174 | D:4      | 2174 ||| STAIRDANCE
  2178 | D:3      | Reached skill level 10 in Ranged Weapons
  2388 | D:4      | Reached skill level 3 in Dodging
  2434 | D:4      | Reached skill level 1 in Armour
  2440 | D:4      | Reached XP level 7. HP: 40/40 MP: 9/9
  2453 | D:4      | 2453 ||| READING scroll of enchant armour.
  2453 | D:4      | 2453 ||| ENCHANTING +0 helmet.
  2548 | D:4      | Noticed Blork the orc
  2550 | D:4      | Killed Blork the orc
  2551 | D:4      | Reached skill level 11 in Ranged Weapons
  2691 | D:4      | Reached skill level 12 in Ranged Weapons
  2748 | D:4      | 2748 ||| READING scroll of enchant armour.
  2748 | D:4      | 2748 ||| ENCHANTING +1 helmet.
  2836 | D:4      | 2836 ||| UPGRADING to +4 ring of slaying {mikee}.
  2837 | D:4      | 2837 ||| DRINKING 2 coppery potions.
  2838 | D:4      | 2838 ||| READING 2 scrolls of identify.
  2838 | D:4      | 2838 ||| IDENTIFYING black potion
  2839 | D:4      | 2839 ||| DROPPING potion of degeneration.
  2852 | D:5      | Entered Level 5 of the Dungeon
  2868 | D:5      | 2868 ||| READING scroll of acquirement.
  2868 | D:5      | 2868 ||| ACQUIRING +1 orcbow "Nouzoqoz" {drain, Dex+4}
  2868 | D:5      | Acquired the +1 orcbow "Nouzoqoz" {drain, Dex+4}
  2870 | D:5      | 2870 ||| SWAPPING to +1 orcbow "Nouzoqoz" {drain, Dex+4}.
  2871 | D:5      | 2871 ||| DROPPING +0 heavy arbalest.
  3102 | D:5      | 3102 ||| UPGRADING to +0 pair of boots.
  3242 | D:5      | Found a hide-covered altar of Uskayaw.
  3243 | D:5      | Found a basalt altar of Yredelemnul.
  3252 | D:5      | Reached XP level 8. HP: 44/44 MP: 10/10
  3252 | D:5      | Found a glowing silver altar of Zin.
  3252 | D:5      | Found a stormy altar of Qazlal.
  3256 | D:5      | Found a shimmering altar of Xom.
  3361 | D:5      | Found an opulent altar of Gozag.
  3457 | D:5      | Reached skill level 3 in Fighting
  3596 | D:5      | 3596 ||| READING scroll labelled HUQYACL BIUNU.
  3717 | D:6      | Found a glowing golden altar of the Shining One.
  3949 | D:6      | Reached skill level 13 in Ranged Weapons
  4010 | D:6      | Reached skill level 14 in Ranged Weapons
  4011 | D:6      | Reached XP level 9. HP: 45/50 MP: 11/11
  4012 | D:6      | Reached skill level 6 in Dodging
  4092 | D:6      | Found Oteuzuil's Antique Weapon Shoppe.
  4212 | D:6      | 4212 ||| UPGRADING to +0 cloak.
  4217 | D:6      | 4217 ||| READING 4 scrolls of identify.
  4217 | D:6      | 4217 ||| IDENTIFYING sedimented blue potion
  4218 | D:6      | 4218 ||| READING 3 scrolls of identify.
  4218 | D:6      | 4218 ||| IDENTIFYING yellow potion
  4219 | D:6      | 4219 ||| READING 2 scrolls of identify.
  4219 | D:6      | 4219 ||| IDENTIFYING sapphire potion
  4220 | D:6      | 4220 ||| DROPPING potion of berserk rage.
  4592 | D:7      | Found a staircase to the Ecumenical Temple.
  4593 | D:7      | 4593 ||| PLANNING TEMPLE
  4599 | Temple   | Entered the Ecumenical Temple
  4611 | Temple   | 4611 ||| PLANNING OKAWARU WORSHIP
  4784 | Temple   | Became a worshipper of Warmaster Okawaru
  4785 | Temple   | 4785 ||| PLANNING D:1-11
  4900 | D:8      | Reached skill level 15 in Ranged Weapons
  4916 | D:8      | HP: 12/51 [orc priest/+0 flail (2)]
  4917 | D:8      | 4917 ||| READING scroll of teleportation.
  4917 | D:8      | HP: 3/51 [orc priest/nerve-wracking pain (9)]
  4918 | D:8      | Killed from afar by an orc priest

Levels and vault maps discovered:
D:1:      minmay_arrival_plants_in_alcoves, layout_basic
D:2:      layout_basic
D:3:      wad_woods_pond, layout_loops_ring, uniq_natasha
D:4:      layout_gridville, mainiacjoe_overflow_boulevard, serial_undead,
          serial_undead_d, serial_undead_d, serial_undead_d, serial_undead_e,
          serial_undead_d, uniq_blork_the_orc
D:5:      layout_loops_ring, minitemple,
          nicolae_gozag_cash_rules_everything_around_me, minmay_misc_feat_tiny,
          hangedman_decor_growths, due_unseen_surprise
D:6:      layout_basic, kennysheep_mini_moat, serial_shops, kennysheep_mini,
          hex_large
D:7:      layout_cave_pools, minmay_temple_entry_hall
D:8:      layout_basic, minmay_misc_feat_roman, minmay_orc_keep,
          uniq_prince_ribbit1
Temple:   chequers_temple_sunken

Skill      XL: |  1  2  3  4  5  6  7  8  9 |
---------------+----------------------------+-----
Ranged Weapons | 6 7 8 9 10 12 14 15 | 15.0
Fighting       | 2 3 |  3.4
Dodging        | 3 4 5 6 |  6.1
Armour         | 1 2 |  2.1
Stealth        | |  1.2

Action                     |  1- 3 |  4- 6 |  7- 9 || total
---------------------------+-------+-------+-------++-------
   Fire: Shortbow          |   146 |    40 |       ||   186
         Arbalest          |       |    52 |    32 ||    84
         Orcbow            |       |       |    99 ||    99
    Use: Scroll            |     9 |     6 |     9 ||    24
         Potion            |     1 |       |     1 ||     2
 Armour: Leather armour    |    12 |       |       ||    12
         Ring mail         |    14 |    25 |    24 ||    63
  Dodge: Dodged            |    45 |    28 |    28 ||   101

Table legend:
 A = Non-vault XP
 B = Vault XP
 C = Vault XP percentage of total XP
 D = Non-vault monster count
 E = Vault monster count
 F = Vault count percentage of total count
                 A         B        C        D         E       F
            +---------+---------+-------+---------+---------+-------
      Total |    2913 |    1027 |  26.1 |     110 |      24 |  17.9
            +---------+---------+-------+---------+---------+-------
        D:1 |      41 |       0 |   0.0 |      25 |       0 |   0.0
        D:2 |      49 |       0 |   0.0 |      19 |       0 |   0.0
        D:3 |     119 |     147 |  55.3 |      15 |       3 |  16.7
        D:4 |     208 |     690 |  76.8 |      19 |      17 |  47.2
        D:5 |     341 |       0 |   0.0 |       9 |       0 |   0.0
        D:6 |    1708 |       0 |   0.0 |      13 |       0 |   0.0
        D:7 |     354 |       0 |   0.0 |       5 |       0 |   0.0
        D:8 |      93 |     190 |  67.1 |       5 |       4 |  44.4
            +---------+---------+-------+---------+---------+-------
